 Dungeon Crawl Stone Soup version 0.28-a0-983-g1de4e0787c (webtiles) character file.

Game seed: 7297225385218988658

145 Redcow54321 the Skirmisher (level 5, -2/62 HPs)
             Began as an Ogre Fighter on Dec 3, 2021.
             Slain by an orc priest (6 damage)
             ... on level 3 of the Dungeon.
             The game lasted 00:03:59 (4432 turns).

Redcow54321 the Skirmisher (Ogre Fighter)           Turns: 4432, Time: 00:03:59

Health: -2/62      AC:  3    Str: 22    XL:     5   Next: 27%
Magic:  5/5        EV: 10    Int:  9    God:
Gold:   165        SH:  0    Dex:  8    Spells: 4/4 levels left

rFire   . . .      SeeInvis .     - Unarmed
rCold   . . .      Faith    .   (no shield)
rNeg    . . .      Spirit   .   a - +0 robe
rPois   .          Reflect  .   (helmet restricted)
rElec   .          Harm     .   (no cloak)
rCorr   .          Rampage  .   (gloves unavailable)
Will    .....                   (boots unavailable)
Stlth   +.........              (no amulet)
HPRegen 0.20/turn               (no ring)
MPRegen 0.09/turn               (no ring)

@: mighty, lethally poisoned (-2 -> -4), studying Throwing
A: large, unfitting armour, tough skin 1
a: no special abilities


You were on level 3 of the Dungeon.
You visited 1 branch of the dungeon, and saw 3 of its levels.

You collected 165 gold pieces.

Inventory:

Armour
 a - a +0 robe (worn)
 b - a +0 kite shield
Jewellery
 d - a ring of resist corrosion
Scrolls
 e - a scroll of fear {unknown}
 f - 2 scrolls of identify {unknown}
 g - a scroll of amnesia {unknown}
 i - a scroll of summoning {unknown}
 j - 3 scrolls of immolation {unknown}
Potions
 h - a potion of lignification {unknown}


   Skills:
 * Level 7.2 Fighting
 - Level 2.6 Dodging
 - Level 2.6 Shields
 + Level 2.4 Unarmed Combat


You had 4 spell levels left.
You didn't know any spells.
Your spell library was empty.

Dungeon Overview and Level Annotations

Branches:
Dungeon (3/15)

Altars:


Innate Abilities, Weirdness & Mutations

You are too large for most types of armour.
You have tough skin. (AC +1)


Message History

You hit the orc.
The orc is almost dead.
The orc hits you with a +0 club.
You hit the orc.
You kill the orc!
You hit the endoplasm.
The endoplasm is lightly wounded.
You hit the endoplasm.
The endoplasm is heavily wounded.
The endoplasm hits you.
* * * LOW HITPOINT WARNING * * *
You hit the endoplasm.
You kill the endoplasm!
You closely miss the adder. The adder closely misses you.
You hit the adder.
The adder is heavily wounded.
The adder bites you.
* * * LOW HITPOINT WARNING * * *
You are poisoned.
The adder poisons you! The adder closely misses you.
You hit the adder.
You kill the adder!
You feel sick.
You hit the orc priest.
The orc priest is lightly wounded.
You feel sick.
The orc priest hits you with a +0 short sword.
* * * LOW HITPOINT WARNING * * *
You barely miss the orc priest.
The orc priest is lightly wounded.
You feel sick. The orc priest barely misses you.
You hit the orc priest.
The orc priest is heavily wounded.
You feel sick.
The orc priest hits you with a +0 short sword.
* * * LOW HITPOINT WARNING * * *
You feel very mighty all of a sudden.
You feel sick.
The orc priest hits you with a +0 short sword.
You die...

#.....# ........##
.........# .........#
.........# ......o..#
............o.# ....
.........###### ...
........ogo@..##############
...
##.....######...............
##.#
###########################
.#.# ##.....##
.#.########..###..#
.[...>......##.##.###
...######...#...#...## ##
.....###..####'####..# #.
..##.....##.#...#.##.# #.


You could see an orc priest, an orc and a hobgoblin.

Vanquished Creatures
  An orc priest (D:3)
  4 adders (D:3)
  A worm (D:2)
  2 dart slugs
  3 orcs (D:3)
  7 ball pythons
  9 endoplasms
  2 giant cockroaches
  7 goblins
  9 hobgoblins
  4 kobolds
  3 quokkas (D:2)
  6 bats (D:1)
  4 frilled lizards
  3 rats
65 creatures vanquished.

Notes
Turn   | Place    | Note
-------+----------+-------------------------------------------
     0 | D:1      | Redcow54321 the Ogre Fighter began the quest for the Orb.
     0 | D:1      | Reached XP level 1. HP: 24/24 MP: 1/1
   463 | D:1      | Reached XP level 2. HP: 32/33 MP: 2/2
   502 | D:1      | Found a faded altar of an unknown god.
   744 | D:1      | Reached skill level 5 in Fighting
  1509 | D:1      | Reached XP level 3. HP: 40/42 MP: 3/3
  2780 | D:2      | Reached skill level 6 in Fighting
  3240 | D:3      | Reached XP level 4. HP: 36/53 MP: 4/4
  4410 | D:3      | Reached skill level 7 in Fighting
  4410 | D:3      | Reached XP level 5. HP: 25/62 MP: 5/5
  4432 | D:3      | Slain by an orc priest

Illustrated notes

Levels and vault maps discovered:
D:1:      minmay_arrival_four_houses, layout_loops_corners,
          chequers_ecumenical_altar_simple
D:2:      layout_basic
D:3:      cheibrodos_greedy_goblins, layout_rooms,
          chequers_serial_rivers_large_b

Skill      XL: |  1  2  3  4 |
---------------+-------------+-----
Fighting       | 5 6 7 |  7.2
Unarmed Combat | 2 |  2.4
Dodging        | |  2.6
Shields        | |  2.6

Action                   |  1- 3 |  4- 6 || total
-------------------------+-------+-------++-------
Melee: Unarmed           |   210 |   103 ||   313
       Punch             |     3 |     1 ||     4
  Use: Potion            |       |     1 ||     1
Armor: Robe              |    71 |    16 ||    87
Dodge: Dodged            |   118 |    50 ||   168

Table legend: (Time is in decaauts)
 A = Elapsed time spent in this place.
 B = Non-inter-level travel time spent in this place.
 C = Inter-level travel time spent in this place.
 D = Time resting spent in this place.
 E = Time spent auto-exploring this place.
 F = Levels seen in this place.
 G = Mean time per level.
                   A        B        C        D        E       F      G
               +--------+--------+--------+--------+--------+-----+--------+
         Total |   4453 |   4409 |     44 |    438 |   3424 |   3 | 1484.3 |
       Dungeon |   4453 |   4409 |     44 |    438 |   3424 |   3 | 1484.3 |
               +--------+--------+--------+--------+--------+-----+--------+

Top non-repeatable levels by time:
     D:1: 1728 daAuts
     D:2: 1377 daAuts
     D:3: 1348 daAuts
